Map: Ruins of Seras

Players

Cack - Winner!

  • Race: Zerg Zerg
  • League: Bronze

SticklerMac

  • Race: Zerg Zerg

VOD

Have the link to the VOD?

Description

Time

  • Played on: Aug. 4, 2015, 11:06 p.m.
  • Length: 6:14
Show
View Real Time Build Order
Export as new Build Order

Cack Zerg - Winner!

Build Orders: Pool First 

Get SALT Encoding   

  12  0:01  Drone  
  13  0:14  Overlord  
  13  0:33  Drone x3  
  16  0:45  Spawning Pool  
  15  1:13  Hatchery  
  15  1:14  Drone x2  
  15  1:17  Drone  
  17  1:31  Zergling x2  
  17  1:32  Queen  
  20  1:39  Overlord  
  20  1:48  Extractor  
  19  2:00  Zergling x2  
  19  2:01  Drone  
  21  2:13  Drone  
  22  2:24  Zergling x2  
  23  2:36  Zergling x2  
  24  2:39  Queen, Zergling x4  
  28  2:51  Metabolic Boost  
  28  2:53  Zergling x8  
  32  3:07  Zergling x2  
  32  3:10  Zergling x6  
  30  3:36  Zergling x8  
  30  3:37  Zergling x2  
  30  3:41  Baneling Nest  
  34  3:48  Zergling x4  
  34  3:50  Overlord  
  36  4:03  Overlord  
  36  4:09  Overlord x2  
  36  4:11  Zergling x4  
  36  4:12  Zergling x4  
  36  4:14  Zergling x4  
  42  4:17  Zergling x2  
  43  4:28  Baneling x5  
  43  4:37  Zergling x2  
  43  4:38  Zergling x4  
  46  4:50  Drone x3  
  46  4:51  Drone  
  48  5:33  Zergling x2  
  48  5:34  Zergling x18  
  55  6:12  Spine Crawler  
Show
View Real Time Build Order
Export as new Build Order

SticklerMac Zerg 

Build Orders: 3 Hatch before Pool 

Get SALT Encoding   

  12  0:01  Drone  
  13  0:09  Drone  
  14  0:18  Overlord  
  14  0:37  Drone x3  
  17  0:55  Hatchery  
  17  1:00  Hatchery  
  17  1:03  Drone  
  17  1:05  Drone  
  17  1:11  Drone  
  19  1:20  Drone  
  20  1:30  Spawning Pool  
  20  1:32  Drone  
  20  1:33  Extractor  
  19  1:42  Overlord  
  19  2:00  Drone  
  20  2:03  Hatchery, Drone  
  20  2:16  Drone  
  20  2:19  Drone  
  20  2:22  Queen  
  22  2:27  Drone  
  25  2:31  Zergling x2  
  25  2:34  Zergling x2  
  27  2:38  Metabolic Boost  
  27  2:41  Zergling x2  
  28  2:44  Zergling x2  
  28  2:47  Zergling x2  
  30  2:56  Queen  
  30  2:58  Drone  
  33  3:08  Zergling x4  
  33  3:09  Zergling x2  
  36  3:15  Queen  
  38  3:22  Overlord  
  33  3:39  Overlord x2  
  33  3:41  Zergling x2  
  33  3:42  Zergling x2  
  35  3:51  Zergling x10  
  35  3:53  Zergling x2  
  41  3:58  Overlord  
  41  4:01  Drone  
  42  4:05  Drone  
  42  4:07  Extractor  
  42  4:17  Drone  
  42  4:18  Roach Warren  
  42  4:19  Drone  
  43  4:29  Evolution Chamber  
  42  4:32  Drone x3  
  45  4:41  Extractor  
  45  4:44  Lair  
  44  4:47  Drone  
  44  4:50  Drone  
  46  4:54  Drone  
  47  5:03  Drone  
  47  5:04  Drone  
  47  5:06  Drone  
  50  5:09  Drone  
  50  5:11  Drone  
  52  5:20  Zergling x8  
  50  5:27  Roach  
  39  5:38  Roach, Zergling x2  
  42  5:44  Roach x2, Zergling x2  
  42  5:45  Roach  
  42  5:46  Roach  
  45  5:54  Roach x2  
Tags
 
Add a new tag
Caveats
  • Supply blocks, unpowered buildings, or Contaminate may cause inaccurate times.
  • Supply counts are checked every 10 seconds.